 Dungeon Crawl Stone Soup version 0.28-a0-1404-g4df0f3684d (webtiles) character file.

Game seed: 2619744433282656535

11312 karkarkar the Grappler (level 11, -11/109 HPs)
             Began as a Troll Fighter on Jan 5, 2022.
             Was the Champion of Cheibriados.
             Mangled by a ten-headed hydra (15 damage)
             ... on level 1 of the Lair of Beasts.
             The game lasted 00:36:01 (8960 turns).

karkarkar the Grappler (Troll Fighter)              Turns: 8960, Time: 00:36:02

Health: -11/109    AC:  7    Str: 51    XL:     11   Next: 47%
Magic:  12/15      EV: 10    Int: 19    God:    Cheibriados [******]
Gold:   703        SH: 13    Dex: 24    Spells: 10/10 levels left

rFire   . . .      SeeInvis .     - Unarmed
rCold   . . .      Faith    .   b - +1 kite shield
rNeg    . . .      Spirit   .   j - +0 robe {Archmagi}
rPois   .          Reflect  .   (helmet restricted)
rElec   .          Harm     .   c - +2 cloak {rCorr}
rCorr   +          Rampage  .   (gloves unavailable)
Will    +....      Archmagi +   (boots unavailable)
Stlth   ++........              e - amulet of the acrobat
HPRegen 1.08/turn               E - ring of willpower
MPRegen 0.14/turn               I - +6 ring of strength

@: very slow
A: large, unfitting armour, claws 3, regeneration 1, shaggy fur 1, tough skin 1
a: Renounce Religion, Bend Time, Temporal Distortion, Slouch, Step From Time


You were on level 1 of the Lair of Beasts.
You worshipped Cheibriados.
Cheibriados was exalted by your worship.
You visited 2 branches of the dungeon, and saw 12 of its levels.
You also visited: Ossuary and Bailey.

You collected 703 gold pieces.

Inventory:

Hand Weapons
 m - the +3 trident "Cifunn" {elec, rN+}
   (You took it off a gnoll shaman on level 4 of the Dungeon)

   It occasionally discharges a powerful burst of electricity upon striking a
   foe.
   rN:        It protects you from negative energy.
 u - the +7 Singing Sword {vorpal, sonic wave}
   (You found it on level 6 of the Dungeon)

   It inflicts extra damage upon your enemies.
   It radiates damaging sonic waves as it strikes, especially in combat
   involving dangerous or numerous foes.
Missiles
 r - a curare-tipped dart (quivered)
 t - 20 poisoned darts
 D - 6 boomerangs
Armour
 a - the +1 cloak "Fycw" {MP+9 Str+2}
   (You found it on level 7 of the Dungeon)

   Str:       It affects your strength (+2).
   MP:        It affects your magic capacity (+9).
 b - a +1 kite shield (worn)
 c - a +2 cloak of preservation (worn)
 j - a +0 robe of the Archmagi (worn)
Jewellery
 e - an amulet of the acrobat (around neck)
 E - a ring of willpower (left claw)
 I - a +6 ring of strength (right claw)
Wands
 s - a wand of flame (48)
 G - a wand of digging (5)
Scrolls
 d - 2 scrolls of blinking
 o - a scroll of teleportation
 q - 2 scrolls of immolation
 v - a scroll of enchant armour
 w - a scroll of silence {unknown}
 y - a scroll of summoning {unknown}
 A - a scroll of fog
 C - a scroll of acquirement
 H - a scroll of identify
 J - 2 scrolls of brand weapon
 K - a scroll of vulnerability {unknown}
Potions
 f - a potion of attraction {unknown}
 g - a potion of curing
 h - 6 potions of flight
 k - a potion of brilliance {unknown}
 l - 2 potions of lignification
 n - a potion of cancellation {unknown}
 p - 2 potions of haste {unknown}
 x - 4 potions of mutation
 z - a potion of berserk rage {unknown}
 B - 3 potions of heal wounds
 F - a potion of resistance {unknown}


   Skills:
 + Level 7.4 Fighting
 - Level 2.9 Dodging
 + Level 7.4 Shields
 * Level 11.7 Unarmed Combat
 + Level 7.3 Invocations


You had 10 spell levels left.
You didn't know any spells.
Your spell library contained the following spells:

 Spells                   Type           Power      Damage    Failure   Level
 Animate Skeleton         Necr           0%         N/A       38%         1
 Apportation              Tloc           0%         N/A       38%         1
 Summon Small Mammal      Summ           0%         N/A       38%         1
 Gell's Gravitas          Tloc           0%         N/A       77%         3
 Ignite Poison            Fire/Tmut/Pois 0%         N/A       77%         3
 Mephitic Cloud           Conj/Pois/Air  0%         N/A       77%         3
 Teleport Other           Tloc           0%         N/A       77%         3
 Fulminant Prism          Conj/Hex       0%         3d6       99%         4
 Iskenderun's Mystic Bla  Conj/Tloc      0%         2d3       99%         4
 Freezing Cloud           Conj/Ice/Air   0%         6-21      100%        5
 Lee's Rapid Deconstruct  Erth           0%         3d5*      100%        5
 Dispersal                Tloc           0%         N/A       100%        6


Dungeon Overview and Level Annotations

Branches:
Dungeon (11/15)            Temple (0/1) D:7            Lair (1/6) D:9
    Orc (0/2) D:10        Ossuary (visited)          Bailey (visited)

Altars:
Cheibriados
Dithmenos
Hepliaklqana

Shops:
D:7 *:

Annotations:
D:5 3 runed translucent doors, hgbash's ghost, novice DECj


Innate Abilities, Weirdness & Mutations

You are too large for most types of armour.
You have claws for hands.
Your natural rate of healing is unusually fast.
You are covered in fur. (AC +1)
You have tough skin. (AC +1)


Message History

The poisoned dart hits the eight-headed hydra.
The eight-headed hydra is poisoned.
The eight-headed hydra is lightly wounded.
You throw a curare-tipped dart.
The curare-tipped dart hits the eight-headed hydra.
The eight-headed hydra is lightly wounded.
You claw one of the eight-headed hydra's heads off!
The seven-headed hydra grows two more!
You eviscerate the nine-headed hydra!!!
The nine-headed hydra is heavily wounded.
You block the nine-headed hydra's attack.
The nine-headed hydra bites you!
The nine-headed hydra bites you but does no damage.
You block the nine-headed hydra's attack.
The nine-headed hydra bites you but does no damage.
The nine-headed hydra bites you! x2; The nine-headed hydra bites you.
You block the nine-headed hydra's attack.
The flow of time bends around you.
Cheibriados rebukes the nine-headed hydra.
The nine-headed hydra seems to slow down.
The nine-headed hydra bites you but does no damage.
The nine-headed hydra bites you.
You block the nine-headed hydra's attack.
The nine-headed hydra bites you!
The nine-headed hydra closely misses you.
You block the nine-headed hydra's attack.
The nine-headed hydra bites you but does no damage.
The nine-headed hydra bites you! x2
You tear one of the nine-headed hydra's heads off!
The eight-headed hydra grows two more!
You scratch the ten-headed hydra.
The ten-headed hydra is heavily wounded.
The ten-headed hydra bites you. The ten-headed hydra bites you!
* * * LOW HITPOINT WARNING * * *
The ten-headed hydra bites you!
* * * LOW HITPOINT WARNING * * *
The ten-headed hydra bites you!
* * * LOW HITPOINT WARNING * * *
The ten-headed hydra bites you but does no damage.
The ten-headed hydra closely misses you.
The ten-headed hydra bites you!
You die...

##.............
#.............#
#..............
##............. ##
##............. 8P
#.............. #P
####..............
#.#.#.#P................
.......@..............##
.......D..............#.
......................#.
.......(................
....(.....!...........#.
.......(..............#+
...............(........
........................
................


You could see a ten-headed hydra (poisoned, slow).

Vanquished Creatures
  A two-headed ogre (D:10)
  An orc knight (Bailey)
  A deep elf zephyrmancer (Bailey)
  Maurice (D:10)
  A gargoyle (D:11)
  A hornet (D:9)
  2 wraiths (Ossuary)
  21 yaks
  2 shadows
  2 steam dragons (D:7)
  An acid dragon (D:11)
  6 water moccasins
  7 orc warriors
  A black bear (D:7)
  A hornet zombie (D:8)
  3 necrophages
  2 centaurs
  An ogre (D:4)
  4 bullfrogs
  2 kobold brigands
  6 scorpions
  A wyvern skeleton (D:6)
  4 killer bees (D:9)
  9 wights
  7 howler monkeys (D:10)
  3 hounds
  2 jellies
  5 centaur zombies
  An orc priest (D:3)
  A bullfrog skeleton (D:5)
  A gnoll shaman (D:4)
  An orc wizard (D:10)
  4 iguanas
  2 killer bee zombies
  A howler monkey zombie (D:8)
  5 gnolls
  12 adders
  5 white imps
  An ufetubus (D:7)
  2 worm zombies (D:7)
  2 adder skeletons (D:4)
  2 worms (D:4)
  3 dart slugs
  40 orcs
  5 endoplasms
  2 giant cockroaches
  3 hobgoblins
  4 quokkas
  4 ball pythons
  A ball python skeleton (Ossuary)
  13 bats
  5 frilled lizards
  3 goblins
  A hobgoblin skeleton (Ossuary)
  A hobgoblin zombie (Ossuary)
  15 kobolds
  An orc skeleton (Ossuary)
  3 orc zombies (Ossuary)
  4 rats
  A rat zombie (D:7)
247 creatures vanquished.

Vanquished Creatures (others)
  10 fungi (D:6)
10 creatures vanquished.

Grand Total: 257 creatures vanquished

Notes
Turn   | Place    | Note
-------+----------+-------------------------------------------
     0 | D:1      | karkarkar the Troll Fighter began the quest for the Orb.
     0 | D:1      | Reached XP level 1. HP: 22/22 MP: 0/0
    68 | D:1      | Reached XP level 2. HP: 28/29 MP: 1/1
   323 | D:1      | Reached XP level 3. HP: 36/36 MP: 2/2
   368 | D:1      | Found a faded altar of an unknown god.
   374 | D:1      | Prayed at the altar of an unknown god.
   374 | D:1      | Became a worshipper of Cheibriados the Contemplative
   374 | D:1      | Reached * piety under Cheibriados
   627 | D:2      | Identified the +2 helmet of Yredelemnul's Anger {Int+4}
   943 | D:2      | Found a hazy altar of Hepliaklqana.
  1391 | D:3      | Reached XP level 4. HP: 44/44 MP: 3/3
  1458 | D:3      | Found a shadowy altar of Dithmenos.
  1459 | D:3      | Reached ** piety under Cheibriados
  1476 | D:3      | Reached skill level 3 in Unarmed Combat
  1758 | D:4      | Reached XP level 5. HP: 51/53 MP: 4/4
  1799 | D:4      | Noticed an ogre
  1810 | D:4      | Killed an ogre
  1811 | D:4      | Reached skill level 1 in Invocations
  1901 | D:4      | Reached skill level 4 in Unarmed Combat
  1939 | D:4      | Reached XP level 6. HP: 61/61 MP: 6/6
  2082 | D:4      | Identified the +3 trident "Cifunn" {elec, rN+}
  2369 | D:4      | Reached XP level 7. HP: 68/68 MP: 7/7
  2733 | D:5      | Entered Level 5 of the Dungeon
  2771 | D:5      | Reached skill level 5 in Unarmed Combat
  2954 | D:5      | Reached *** piety under Cheibriados
  3116 | D:5      | Found a runed translucent gate.
  3116 | D:5      | Found a runed translucent gate.
  3116 | D:5      | Found a runed translucent gate.
  3118 | D:5      | Noticed hgbash's ghost (novice DECj)
  3308 | D:6      | Noticed a shadow
  3311 | D:6      | Killed a shadow
  3312 | D:6      | Reached skill level 6 in Unarmed Combat
  3312 | D:6      | Reached XP level 8. HP: 76/79 MP: 5/9
  3592 | D:6      | Found the +7 Singing Sword {vorpal, sonic wave}
  3640 | D:6      | Reached **** piety under Cheibriados
  4203 | D:7      | Found Pyvirrai's Book Emporium.
  4213 | D:7      | Found a sand-covered staircase.
  4232 | Ossuary  | Entered an ossuary
  4282 | Ossuary  | Reached skill level 7 in Unarmed Combat
  4346 | Ossuary  | Noticed a flying skull
  4353 | Ossuary  | Noticed a flying skull
  4357 | Ossuary  | Noticed a flying skull
  4380 | Ossuary  | Noticed a flying skull
  4383 | Ossuary  | Noticed a flying skull
  4395 | Ossuary  | Reached skill level 5 in Shields
  4417 | Ossuary  | Reached skill level 5 in Fighting
  4449 | Ossuary  | Reached XP level 9. HP: 88/88 MP: 11/11
  4556 | D:7      | Found Hywif's Lightly-Used Armoury.
  4623 | D:7      | Found a staircase to the Ecumenical Temple.
  4802 | D:7      | Reached skill level 8 in Unarmed Combat
  4954 | D:7      | Reached skill level 5 in Invocations
  5018 | D:7      | Identified the +1 cloak "Fycw" {MP+9 Str+2}
  5154 | D:7      | Identified the +4 ring mail "Fymerur" {SInv}
  5249 | D:8      | Reached skill level 9 in Unarmed Combat
  5315 | D:8      | Reached XP level 10. HP: 83/98 MP: 13/13
  5316 | D:8      | Reached ***** piety under Cheibriados
  5908 | D:9      | Found a flagged portal.
  5925 | Bailey   | Entered a bailey
  6002 | Bailey   | Found a large runed translucent door.
  6002 | Bailey   | Found a large runed translucent door.
  6002 | Bailey   | Noticed an orc knight
  6003 | Bailey   | Noticed a deep elf zephyrmancer
  6033 | Bailey   | Killed an orc knight
  6034 | Bailey   | Reached skill level 10 in Unarmed Combat
  6214 | Bailey   | Identified 2 scrolls of acquirement
  6214 | Bailey   | Acquired a +2 cloak of preservation
  6244 | Bailey   | Killed a deep elf zephyrmancer
  6988 | D:9      | Found a staircase to the Lair.
  7247 | D:10     | Entered Level 10 of the Dungeon
  7464 | D:10     | Reached XP level 11. HP: 107/107 MP: 13/15
  7468 | D:10     | Reached skill level 11 in Unarmed Combat
  7667 | D:10     | Noticed a two-headed ogre
  7677 | D:10     | Killed a two-headed ogre
  7722 | D:10     | Noticed Maurice
  7764 | D:10     | Killed Maurice
  7849 | D:10     | Found a staircase to the Orcish Mines.
  8281 | D:11     | Reached ****** piety under Cheibriados
  8313 | D:11     | Noticed a boulder beetle
  8391 | Lair:1   | Entered Level 1 of the Lair of Beasts
  8570 | Lair:1   | Noticed an eight-headed hydra
  8960 | Lair:1   | HP: 4/109 [ten-headed hydra (12)]
  8960 | Lair:1   | Mangled by a ten-headed hydra

Illustrated notes

Levels and vault maps discovered:
D:1:      ebering_hopf_link, layout_rooms,
          dreamdust_ecumenical_altar_angels_and_demons, minmay_tromino_v4_c
D:2:      layout_loops_ring, basic_altar, chequers_serial_rivers_large_b,
          nicolae_concentric_dashed_squares_wild, grunt_ministairs_7,
          kennysheep_generic_room_9
D:3:      layout_loops_cross, grunt_dithmenos_smoke, feat_on_display
D:4:      layout_basic
D:5:      layout_rooms, ebering_ghost_rock_garden
D:6:      old_forge, layout_basic, grunt_decor_arrowhead,
          nicolae_elevator_lobby_asterisk
D:7:      layout_loops_cross, minmay_temple_entry_trees, serial_shops, shop,
          enter_ossuary_3, minmay_shop_damaged
D:8:      layout_cave_pools
D:9:      layout_basic, lair_entry_dummy, enter_bailey_4
D:10:     layout_loops_ring, hiddenorc1_lemuel, uniq_maurice
D:11:     layout_basic
Lair:1:   gammafunk_indiana_jones, layout_regular_city, grunt_megastairs_5

Skill      XL: |  1  2  3  4  5  6  7  8  9 10 11 |
---------------+----------------------------------+-----
Fighting       | 3 4 5 6 7 |  7.4
Shields        | 3 4 5 6 7 |  7.4
Unarmed Combat | 3 4 6 7 9 10 11 | 11.7
Invocations    | 1 2 3 4 5 6 7 |  7.3
Dodging        | |  2.9

Action                   |  1- 3 |  4- 6 |  7- 9 | 10-12 || total
-------------------------+-------+-------+-------+-------++-------
Melee: Unarmed           |    98 |    60 |   210 |   240 ||   608
Throw: Large rock        |       |    12 |    18 |    15 ||    45
       Dart              |       |       |       |    18 ||    18
Invok: Bend Time         |       |     1 |     2 |     5 ||     8
Evoke: Wand              |       |       |     1 |       ||     1
  Use: Scroll            |     4 |     2 |     5 |     5 ||    16
       Potion            |     1 |       |     1 |     3 ||     5
 Stab: Sleeping          |       |       |     8 |     1 ||     9
Armor: Robe              |    28 |    10 |    45 |    60 ||   143
       Skin              |       |       |       |     2 ||     2
Dodge: Dodged            |    47 |    19 |    84 |   125 ||   275
Block: Kite shield       |    35 |    24 |   130 |   160 ||   349

Table legend: (Time is in decaauts)
 A = Elapsed time spent in this place.
 B = Non-inter-level travel time spent in this place.
 C = Inter-level travel time spent in this place.
 D = Time resting spent in this place.
 E = Time spent auto-exploring this place.
 F = Levels seen in this place.
 G = Mean time per level.
                   A        B        C        D        E       F      G
               +--------+--------+--------+--------+--------+-----+--------+
         Total |  14092 |  13411 |    681 |    239 |   9840 |  14 | 1006.6 |
       Dungeon |  11957 |  11277 |    680 |    183 |   9177 |  11 | 1087.0 |
          Lair |   1102 |   1102 |      0 |      0 |    375 |   1 | 1102.0 |
       Ossuary |    417 |    417 |      0 |      0 |    242 |   1 |  417.0 |
        Bailey |    615 |    615 |      0 |     56 |     45 |   1 |  615.0 |
               +--------+--------+--------+--------+--------+-----+--------+

Top non-repeatable levels by time:
     D:9: 1791 daAuts
     D:6: 1560 daAuts
    D:10: 1530 daAuts
     D:4: 1444 daAuts
     D:7: 1229 daAuts
  Lair:1: 1102 daAuts
     D:2: 1012 daAuts
     D:8: 956 daAuts
     D:3: 832 daAuts
     D:5: 727 daAuts
  Bailey: 615 daAuts
     D:1: 464 daAuts
 Ossuary: 417 daAuts
    D:11: 407 daAuts
